 Dungeon Crawl Stone Soup version 0.23.1-37-gaa34b87 (webtiles) character file.

Game seed: 10610743365245224838

19628 Fang the Fighter (level 12, -4/82 HPs)
             Began as a Gargoyle Berserker on Mar 20, 2019.
             Was a High Priest of Trog.
             Slain by a spiny frog (6 damage)
             ... on level 2 of the Lair of Beasts.
             The game lasted 00:15:05 (9405 turns).

Fang the Fighter (Gargoyle Berserker)               Turns: 9405, Time: 00:15:05

Health: -4/82      AC: 31    Str: 33    XL:     12   Next: 71%
Magic:  4/4        EV: 13    Int:  3    God:    Trog [*****.]
Gold:   562        SH:  0    Dex: 15    Spells: 11/11 levels left

rFire    . . .     SeeInvis +   f - +3 executioner's axe (antimagic)
rCold    . . .     Gourm    .   (shield currently unavailable)
rNeg     + . .     Faith    .   q - +2 plate armour
rPois    ∞         Spirit   .   (no helmet)
rElec    +         Reflect  .   (no cloak)
rCorr    .         Harm     .   (no gloves)
MR       .....                  (no boots)
Stlth    ..........             D - amulet of Tepuoxo {Regen+ Str+3 Int-4 Dex+6 SInv}
HPRegen  0.63/turn              s - +6 ring of protection
MPRegen  0.09/turn              k - +3 ring of strength

@: berserk cooldown, slowed, very slow
A: negative energy resistance 1, electricity resistance, unbreathing,
petrification resistance, rot immunity, AC +8
a: Berserk, Trog's Hand, Brothers in Arms, Renounce Religion


You were on level 2 of the Lair of Beasts.
You worshipped Trog.
Trog was extremely pleased with you.
You were not hungry.

You visited 3 branches of the dungeon, and saw 13 of its levels.
You also visited: Bailey.

You collected 562 gold pieces.

Inventory:

Hand Weapons
 a - the +9 hand axe "Byint" {pain, rElec rPois rF+}
   (You found it on level 7 of the Dungeon)

   In the hands of one skilled in necromantic magic, it inflicts extra damage on
   living creatures.
   It protects you from fire.
   It insulates you from electricity.
   It protects you from poison.
 f - a +3 antimagic executioner's axe (weapon)
 g - a +1 war axe of electrocution
 w - a +3 battleaxe
Armour
 q - a +2 plate armour (worn)
Jewellery
 d - an uncursed ring of flight
 j - an uncursed ring of protection from cold
 k - a +3 ring of strength (right hand)
 s - a +6 ring of protection (left hand)
 D - the amulet of Tepuoxo (around neck) {Regen+ Str+3 Int-4 Dex+6 SInv}
   (You found it on level 6 of the Dungeon)

   [amulet of regeneration]

   It affects your strength (+3).
   It affects your intelligence (-4).
   It affects your dexterity (+6).
   It lets you see invisible.
   It increases your rate of regeneration.
Wands
 b - a wand of disintegration (10)
 r - a wand of random effects (9)
 B - a wand of digging (14)
 G - a wand of iceblast (4)
Scrolls
 e - 4 scrolls of teleportation
 h - 4 scrolls of magic mapping
 i - 3 scrolls of fear
 l - 10 scrolls of remove curse
 p - a scroll of identify
 A - 2 scrolls of blinking
Potions
 m - 5 potions of heal wounds
 n - 3 potions of berserk rage
 o - a potion of might
 t - 17 potions of curing
 u - a potion of haste
 v - 2 potions of magic
 x - 2 potions of ambrosia
 C - a potion of brilliance
 E - a potion of mutation
Comestibles
 c - 24 rations


   Skills:
 + Level 12.4 Fighting
 + Level 10.7 Axes
 + Level 10.4 Armour
 + Level 8.0 Dodging


You had 11 spell levels left.
You didn't know any spells.
Your spell library was empty.

Dungeon Overview and Level Annotations

Branches:
Dungeon (10/15)            Temple (1/1) D:4            Lair (2/6) D:10
    Orc (0/2) D:9
  Swamp: Lair:2-4    Shoals: Lair:2-4     Snake: Lair:2-4    Spider: Lair:2-4

Altars:
Elyvilon
Hepliaklqana
Nemelex Xobeh
Sif Muna
Zin
The Shining One

Shops:
D:4 :!   D:5 =   D:9 ((=

Annotations:
D:5 2 transporters, jlumianski's ghost, novice GnWr


Innate Abilities, Weirdness & Mutations

You are resistant to torment.
Your stone body is resilient. (AC +8)
You are immune to poison.
You resist negative energy. (rN+)
You are resistant to electric shocks. (rElec)
You can survive without breathing.
You are immune to petrification.
You are immune to rotting.


Message History

The 15-headed hydra bites you but does no damage.
The 15-headed hydra closely misses you.
The 15-headed hydra bites you but does no damage.
The 15-headed hydra closely misses you.
The 15-headed hydra bites you but does no damage. x3
The spiny frog misses you.
The 15-headed hydra bites you but does no damage.
The 15-headed hydra misses you.
The 15-headed hydra bites you but does no damage.
The 15-headed hydra bites you.
* * * LOW HITPOINT WARNING * * *
The 15-headed hydra closely misses you. The 15-headed hydra misses you.
The 15-headed hydra bites you but does no damage.
The 15-headed hydra misses you. The 15-headed hydra barely misses you.
The 15-headed hydra bites you but does no damage. x2
The 15-headed hydra closely misses you. The 15-headed hydra bites you!
* * * LOW HITPOINT WARNING * * *
The 15-headed hydra bites you but does no damage. x2
The spiny frog stings you.
You die...

....... .. .....(....#
...........#
#.............#.####
#..................###
#....................
#............F†......
#............@D......
.#....................
..............######.P
#......<.......#
####.#.#.#.#####
#######


You could see a 15-headed hydra and a spiny frog.

Vanquished Creatures
  Snorg (D:10)
  Fannar (D:10)
  Pikel (D:4)
  An orc knight (Bailey)
  An oklob plant (Lair:1)
  A gargoyle (D:10)
  2 spiny frogs (Lair:1)
  A troll (D:10)
  3 blink frogs (Lair:1)
  2 hornets
  A hippogriff (D:10)
  A spriggan (D:8)
  3 basilisks
  10 yaks
  2 hungry ghosts (D:10)
  Menkaure (D:7)
  Duvessa (D:7)
  A water moccasin (D:8)
  A porcupine (Lair:1)
  2 slaves (D:4)
  5 orc warriors
  3 sky beasts
  A black bear (D:10)
  8 ogres
  A swamp drake (D:9)
  A necrophage (D:7)
  2 ice beasts
  4 centaurs
  3 crocodiles
  6 bullfrogs
  A scorpion (D:5)
  Dowan (D:7)
  4 killer bees (D:7)
  10 wights
  3 howler monkeys
  2 crimson imps
  A quasit (D:8)
  3 hounds
  2 jellies
  A bullfrog skeleton (D:4)
  8 orc priests
  Crazy Yiuf (D:4)
  A centaur skeleton (D:6)
  2 iguanas (D:9)
  Jessica (D:3)
  Ijyb (D:3)
  Terence (D:3)
  5 worker ants
  9 orc wizards
  3 worker ant zombies
  16 gnolls
  9 adders
  3 shadow imps
  2 oozes
  2 adder skeletons (D:6)
  An adder zombie (D:9)
  4 worms
  A dart slug (D:3)
  3 leopard geckos
  28 orcs
  A ball python (D:6)
  3 giant cockroaches
  2 goblins
  17 hobgoblins
  6 jackals
  11 kobolds
  5 quokkas
  5 bats
  4 frilled lizards
  A jackal zombie (D:5)
  A quokka skeleton (D:4)
  13 rats
  2 plants (Lair:1)
271 creatures vanquished.

Vanquished Creatures (collateral kills)
  A hydra (Lair:1)
  A spiny frog (Lair:1)
2 creatures vanquished.

Vanquished Creatures (others)
  A slave (D:4)
  An adder (D:4)
  A plant (D:5)
3 creatures vanquished.

Grand Total: 276 creatures vanquished

Notes
Turn   | Place    | Note
-------+----------+-------------------------------------------
     0 | D:1      | Fang the Gargoyle Berserker began the quest for the Orb.
     0 | D:1      | Reached XP level 1. HP: 14/14 MP: 1/1
   468 | D:1      | Reached XP level 2. HP: 19/19 MP: 2/2
  1287 | D:2      | Reached XP level 3. HP: 6/23 MP: 3/3
  1441 | D:2      | Noticed a bullfrog
  1446 | D:2      | Killed a bullfrog
  1446 | D:2      | Reached skill level 4 in Fighting
  1446 | D:2      | Reached XP level 4. HP: 15/29 MP: 4/4
  2140 | D:3      | Reached ** piety under Trog
  2140 | D:3      | Reached XP level 5. HP: 21/33 MP: 5/5
  2144 | D:3      | Noticed Jessica
  2154 | D:3      | Killed Jessica
  2178 | D:3      | Noticed Ijyb
  2185 | D:3      | Killed Ijyb
  2237 | D:3      | Noticed Terence
  2244 | D:3      | Killed Terence
  2244 | D:3      | Reached XP level 6. HP: 34/39 MP: 6/6
  2849 | D:4      | Noticed a slave
  2850 | D:4      | Noticed a slave
  2851 | D:4      | Noticed Pikel
  2851 | D:4      | Noticed a slave
  2854 | D:4      | Noticed a slave
  2858 | D:4      | Killed a slave
  2859 | D:4      | Killed a slave
  2865 | D:4      | Killed Pikel
  2865 | D:4      | Reached skill level 5 in Fighting
  2865 | D:4      | Reached skill level 5 in Armour
  2865 | D:4      | Reached XP level 7. HP: 27/44 MP: 7/7
  3052 | D:4      | Reached XP level 8. HP: 40/51 MP: 8/8
  3179 | D:4      | Found Meqyiq's Book Emporium.
  3529 | D:4      | Found a runed translucent door.
  3530 | D:4      | Noticed Crazy Yiuf
  3552 | D:4      | Reached skill level 6 in Fighting
  3570 | D:4      | Found Jixamos's Distillery.
  3647 | D:4      | Found a staircase to the Ecumenical Temple.
  3703 | D:4      | Killed Crazy Yiuf
  3703 | D:4      | Reached skill level 5 in Axes
  3762 | Temple   | Entered the Ecumenical Temple
  3783 | D:5      | Entered Level 5 of the Dungeon
  3856 | D:5      | Found a transporter.
  3945 | D:5      | Reached *** piety under Trog
  3963 | D:5      | Found Votegg's Jewellery Emporium.
  3970 | D:5      | Found a transporter.
  4334 | D:5      | Noticed jlumianski's ghost (novice GnWr)
  4800 | D:6      | Got a steaming bronze amulet
  4812 | D:6      | Reached XP level 9. HP: 50/56 MP: 9/9
  4825 | D:6      | Found a deep blue altar of Sif Muna.
  4850 | D:6      | Reached skill level 7 in Fighting
  5163 | D:7      | Noticed Menkaure
  5174 | D:7      | Reached skill level 5 in Dodging
  5179 | D:7      | Killed Menkaure
  5337 | D:7      | Noticed Duvessa
  5337 | D:7      | Noticed Dowan
  5348 | D:7      | Killed Dowan
  5349 | D:7      | Killed Duvessa
  5510 | D:7      | Found a flagged portal.
  5520 | D:7      | Got a crude hand axe
  5521 | D:7      | Identified the +9 hand axe "Byint" {pain, rElec rPois rF+}
                  | (You found it on level 7 of the Dungeon)
  5524 | Bailey   | Entered a bailey
  5601 | Bailey   | Reached **** piety under Trog
  5647 | Bailey   | Noticed an orc knight
  5708 | Bailey   | Killed an orc knight
  6127 | D:7      | Reached skill level 8 in Fighting
  6206 | D:7      | Identified the amulet of Tepuoxo {Regen+ Str+3 Int-4 Dex+6
                  | SInv} (You found it on level 6 of the Dungeon)
  6369 | D:7      | Reached XP level 10. HP: 64/64 MP: 10/10
  6929 | D:9      | Reached ***** piety under Trog
  6935 | D:9      | Reached skill level 9 in Fighting
  7055 | D:9      | Found Xahel's Jewellery Shoppe.
  7350 | D:9      | Found Tawk's Antique Weapon Boutique.
  7490 | D:9      | Found a staircase to the Orcish Mines.
  7525 | D:9      | Reached XP level 11. HP: 58/71 MP: 11/11
  7687 | D:9      | Found Taso's Antique Weapon Shop.
  7785 | D:10     | Entered Level 10 of the Dungeon
  7786 | D:10     | Reached skill level 11 in Fighting
  7786 | D:10     | Reached skill level 10 in Axes
  7786 | D:10     | Reached XP level 12. HP: 80/80 MP: 12/12
  7892 | D:10     | Noticed Snorg
  7907 | D:10     | Killed Snorg
  8135 | D:10     | Noticed Fannar
  8165 | D:10     | Killed Fannar
  8165 | D:10     | Received a gift from Trog
  8165 | D:10     | Reached skill level 12 in Fighting
  8403 | D:10     | Found a glowing golden altar of the Shining One.
  8537 | D:10     | Found a staircase to the Lair.
  8548 | D:10     | Reached skill level 10 in Armour
  8852 | Lair:1   | Entered Level 1 of the Lair of Beasts
  8920 | Lair:1   | Noticed a seven-headed hydra
  8926 | Lair:1   | Killed a seven-headed hydra
  9387 | Lair:2   | Noticed a five-headed hydra
  9405 | Lair:2   | HP: 2/82 [15-headed hydra (9)]
  9405 | Lair:2   | Slain by a spiny frog

Skill      XL: |  1  2  3  4  5  6  7  8  9 10 11 12 |
---------------+-------------------------------------+-----
Axes           | 3 4 5 6 8 10 | 10.7
Dodging        | 2 3 4 5 7 8 |  8.0
Fighting       | 4 5 6 8 9 11 12 | 12.4
Armour         | 3 5 6 7 9 10 | 10.4

Action                   |  1- 3 |  4- 6 |  7- 9 | 10-12 || total
-------------------------+-------+-------+-------+-------++-------
Melee: Hand axe          |    67 |       |   109 |   286 ||   462
       War axe           |     3 |   111 |   240 |       ||   354
       Executioner's axe |       |       |       |    88 ||    88
Invok: Berserk           |     1 |     3 |     5 |     3 ||    12
       Brothers in Arms  |       |       |       |     1 ||     1
  Use: Scroll            |       |       |    18 |     7 ||    25
       Potion            |       |       |       |     1 ||     1
  Eat: Chunk             |     3 |     6 |    18 |    11 ||    38
       Ration            |       |       |       |     1 ||     1
Armor: Animal skin       |    28 |    16 |       |       ||    44
       Robe              |       |    14 |       |       ||    14
       Chain mail        |       |    31 |   235 |    46 ||   312
       Plate armour      |       |       |       |   274 ||   274
Dodge: Dodged            |    45 |    78 |   247 |   287 ||   657
